 Dungeon Crawl Stone Soup version 0.19.0-2-gae57169 (webtiles) character file.

34 Kullungy the Firebug (level 3, 0/19 HPs)
             Began as a Tengu Fire Elementalist on Nov 3, 2016.
             Slain by a worm (9 damage)
             ... on level 2 of the Dungeon.
             The game lasted 00:08:21 (1490 turns).

Kullungy the Firebug (Tengu Fire Elementalist)      Turns: 1490, Time: 00:08:22

Health: 0/19       AC:  2    Str:  8    XL:     3   Next: 31%
Magic:  5/7        EV: 13    Int: 16    God:
Gold:   62         SH:  0    Dex: 14    Spells: 1 memorised, 5 levels left

rFire  . . .     SeeInvis .     k - +0 short sword
rCold  . . .     Gourm    .     a - +0 robe
rNeg   . . .     Faith    .     (no shield)
rPois  .         Spirit   .     (helmet restricted)
rElec  .         Reflect  .     (no cloak)
rCorr  .         Harm     .     (no gloves)
MR     .....                    (boots unavailable)
Stlth  ++........               (no amulet)
                                (no ring)
                                (no ring)

@: very slightly contaminated
A: beak, talons 3
a: no special abilities


You were on level 2 of the Dungeon.
You were not hungry.

You visited 1 branch of the dungeon, and saw 2 of its levels.

You collected 62 gold pieces.

Inventory:

Hand Weapons
 c - a +0 whip
 e - a +0 dagger
 k - a +0 short sword (weapon)
 m - a +0 hand axe
Missiles
 h - 31 stones (quivered)
 i - 16 sling bullets
 o - 28 arrows
Armour
 a - a +0 robe (worn)
 g - a +0 leather armour
 q - a +0 robe
Scrolls
 d - 2 scrolls of identify {unknown}
Potions
 j - a potion of flight {unknown}
 l - a potion of lignification {unknown}
 p - a potion of curing {unknown}
Books
 b - a book of Flames

   Spells                             Type                      Level
   a - Flame Tongue                   Conjuration/Fire             1
   b - Throw Flame                    Conjuration/Fire             2
   c - Conjure Flame                  Conjuration/Fire             3
   d - Inner Flame                    Hexes/Fire                   3
   e - Sticky Flame                   Conjuration/Fire             4
   f - Fireball                       Conjuration/Fire             5
Comestibles
 f - 3 chunks of flesh
 n - a slice of pizza


   Skills:
 + Level 2.8 Dodging
 + Level 2.1 Stealth
 + Level 0.4 Unarmed Combat
 + Level 2.2 Spellcasting
 + Level 1.3 Conjurations
 + Level 4.0 Fire Magic


You had 5 spell levels left.
You knew the following spells:

 Your Spells              Type           Power        Failure   Level  Hunger
a - Flame Tongue          Conj/Fire      ##...        10%         1    #......


Dungeon Overview and Level Annotations

Branches:
Dungeon (2/15)

Altars:


Innate Abilities, Weirdness & Mutations

You have a beak for a mouth.
You have claws for feet.


Message History

Nothing appears to happen.
Casting: Flame Tongue
Confirm with . or Enter, or press ? or * to list all spells.
Aiming: Flame Tongue
Press: ? - help, Shift-Dir - straight line, f/p - worm
Aim: a worm The flame tongue hits the worm.
The worm is heavily wounded.
The worm barely misses you.
You hit the worm. You claw the worm.
The worm is heavily wounded.
You hit the worm. Your kick misses the worm.
The worm is heavily wounded.
The worm bites you!
Ouch! That really hurt!
You completely miss the worm. You claw the worm, but do no damage.
You peck the worm, but do no damage.
The worm is heavily wounded.
The worm bites you!
You die...

#.#^#..........###
..#.#.#...).........
#.#.# #.............
#...# #.............
.... #.##.##.......
####..#
#.##.##.###...
#.....#.#.##.##.#
#...
#.#....w#.#.##.##.#
..<.
#.#.##.@#.#.##....#
####
#.......#.#...#####
###.#.....#....#
..(.....#......#
..........#....#
..............##
..........#.###
.........>......
.......##.##.#..


You could see a worm.

Vanquished Creatures
  3 leopard geckos (D:1)
  A giant cockroach (D:1)
  4 hobgoblins (D:1)
  3 ball pythons (D:1)
  3 bats (D:1)
  3 frilled lizards (D:1)
  5 goblins (D:1)
  6 kobolds
  4 rats (D:1)
32 creatures vanquished.

Notes
Turn   | Place    | Note
-------+----------+-------------------------------------------
     0 | D:1      | Kullungy the Tengu Fire Elementalist began the quest for the Orb.
     0 | D:1      | Reached XP level 1. HP: 10/10 MP: 4/4
   733 | D:1      | Reached XP level 2. HP: 14/15 MP: 1/6
   944 | D:1      | Reached XP level 3. HP: 9/19 MP: 5/7
  1258 | D:1      | Reached skill level 4 in Fire Magic
  1490 | D:2      | Slain by a worm

Skill      XL: |  1  2  3 |
---------------+----------+-----
Fire Magic     | 4 |  4.0
Dodging        | |  2.8
Stealth        | |  2.1
Unarmed Combat | |  0.4
Spellcasting   | |  2.2
Conjurations   | |  1.3

Action                   || total
-------------------------++-------
Melee: Unarmed           ||    32
       Kick              ||     9
       Peck              ||     2
       Short sword       ||    31
 Cast: Flame Tongue      ||    32
  Eat: Bread ration      ||     1
Armor: Robe              ||     6
Dodge: Dodged            ||    42
